SAN JOSE Sharks vs SEATTLE Kraken

Created - 14 avril 2024 at 19:49

Goals
1 2 3 OT1 SO T
SAN JOSE Sharks 0 1 1 0 3 3
SEATTLE Kraken 2 0 0 0 1 2
Shots
1 2 3 OT1 SO T
SAN JOSE Sharks 6 9 4 3 3 22
SEATTLE Kraken 9 7 8 3 2 27

1st period

1. SEATTLE Kraken , Jordan Gross 3 (Givani Smith 7, Wayne Simmonds 9) at 14:18
2. SEATTLE Kraken , Wayne Simmonds 9 (Joel Hanley 18, Jordan Gross 13) at 16:07

Penalties :
Brendan Lemieux (SEA) for Diving (Minor) at 16:28, Wayne Simmonds (SEA) for High sticking (Minor) at 18:38

2nd period

3. SAN JOSE Sharks , John Tavares 36 (Connor Murphy 23, Kyle Connor 44) at 14:09

Penalties :
Matt Martin (SEA) for Delaying the game (Minor) at 2:40, Arber Xhekaj (SEA) for Interference (Minor) at 13:44, Evander Kane (SJS) for Hooking (Minor) at 13:44

3rd period

4. SAN JOSE Sharks , Andrew Mangiapane 21 (Sam Bennett 27, Brayden McNabb 41) at 10:51 (PP)

Penalties :
Brendan Lemieux (SEA) for Holding (Minor) at 9:16, Jordan Greenway (SEA) for Holding (Minor) at 11:10, Givani Smith (SEA) for Hooking (Minor) at 18:49

Overtime #1

No Goal

Penalties :
No Penalty

Shootout

SAN JOSE Sharks, Joe Pavelski - Goal!
SEATTLE Kraken, Brendan Lemieux - Goal!
SAN JOSE Sharks, John Tavares - Goal!
SEATTLE Kraken, Luke Kunin - Stopped by Semyon Varlamov
SAN JOSE Sharks, Kyle Connor - Goal!

Penalties :
No Penalty

Goalie Stats

Semyon Varlamov (SJS), 25 saves from 27 shots - (0,926), W, 19-10-5, 65:00 minutes
Sergei Bobrovsky (SEA), 20 saves from 22 shots - (0,909), OTL, 17-46-12, 65:00 minutes

Players Stats for SAN JOSE Sharks

Player Name              G  A  P  +/- PIM S  H  SB GA TA FO     MP     PP MP  PK MP  
------------------------------------------------------------------------------------
Andrew Cogliano          0  0  0   0  0   0  0  0  0  0  0/0    11:39   0:00   0:00 
Andrew Mangiapane        1  0  1  -1  0   3  1  0  0  0  2/2    18:08   4:35   0:00 
Austin Watson            0  0  0   0  0   2  1  0  0  0  0/0     9:46   0:00   0:00 
Brayden McNabb           0  1  1   0  0   0  3  1  0  0  0/0    24:57   5:35   0:00 
Brett Howden             0  0  0   0  0   1  1  0  0  0  6/11   11:39   0:00   0:00 
Cal Clutterbuck          0  0  0   0  0   0  0  0  0  0  0/0     7:20   0:00   0:00 
Cody Ceci                0  0  0   0  0   1  1  2  0  0  0/0    26:24   5:06   0:00 
Connor Murphy            0  1  1   0  0   0  4  4  0  0  0/0    18:48   0:00   0:00 
Evander Kane             0  0  0  -1  2   1  1  0  0  0  2/3    18:07   4:35   0:00 
Jack Johnson             0  0  0   0  0   1  0  0  0  0  0/0    22:32   5:06   0:00 
Joe Pavelski             0  0  0  -1  0   1  1  0  0  0  1/1    20:54   6:06   0:00 
John Klingberg           0  0  0  -1  0   1  0  1  0  0  0/0    19:48   5:35   0:00 
John Tavares             1  0  1   0  0   4  3  0  0  0  14/27  23:40   6:06   0:00 
Kyle Connor              0  1  1   0  0   5  0  0  0  0  1/2    23:40   6:06   0:00 
Matt Nieto               0  0  0   0  0   1  0  0  0  0  0/0    13:26   0:00   0:00 
Nick Cousins             0  0  0   0  0   1  0  0  0  0  7/9     9:57   0:00   0:00 
Sam Bennett              0  1  1  -1  0   0  2  0  0  0  8/25   19:44   4:35   0:00 
Troy Stecher             0  0  0  -1  0   0  0  2  0  0  0/0    13:20   0:00   0:00 

Players Stats for SEATTLE Kraken

Player Name              G  A  P  +/- PIM S  H  SB GA TA FO     MP     PP MP  PK MP  
------------------------------------------------------------------------------------
Arber Xhekaj             0  0  0   0  2   0  4  0  0  0  0/0    16:30   0:00   0:00 
Brendan Lemieux          0  0  0   0  4   3  4  0  0  0  3/11   22:43   0:00   4:18 
Givani Smith             0  1  1   2  2   0  0  0  0  0  0/1    12:55   0:00   0:00 
Jake Gardiner            0  0  0   0  0   0  0  0  0  0  0/0    19:54   0:00   0:31 
Jakub Zboril             0  0  0  -1  0   1  1  3  0  0  0/0    24:22   0:00   5:21 
Joel Hanley              0  1  1   2  0   0  3  2  0  0  0/0    20:28   0:00   5:34 
John Hayden              0  0  0   0  0   1  0  0  0  0  0/0     2:12   0:00   0:37 
Jordan Greenway          0  0  0  -1  2   2  1  0  0  0  4/7    17:33   0:00   3:01 
Jordan Gross             1  1  2   1  0   2  0  2  0  0  0/0    18:24   0:00   5:56 
Liam O'Brien             0  0  0   0  0   4  5  0  0  0  0/0    21:06   0:00   1:56 
Luke Kunin               0  0  0  -1  0   2  0  0  0  0  10/19  21:22   0:00   6:49 
Mathieu Olivier          0  0  0   2  0   1  0  0  0  0  5/10   12:56   0:00   0:00 
Matt Martin              0  0  0   0  2   0  2  0  0  0  0/1    19:06   0:00   1:56 
Matty Beniers            0  0  0   0  0   3  1  0  0  0  5/11   16:34   0:00   0:00 
Radko Gudas              0  0  0   0  0   3  2  0  0  0  0/0    26:10   0:00   5:38 
Ryan Kesler              0  0  0   0  0   2  0  0  0  0  4/9    10:49   0:00   3:34 
Wayne Simmonds           1  1  2   2  2   3  2  0  0  0  2/3    14:30   0:00   0:00 
Zack MacEwen             0  0  0   0  0   0  1  0  0  0  6/8     4:39   0:00   0:00 

3 Stars

1 - Jordan Gross (SEA)
2 - Wayne Simmonds (SEA)
3 - John Tavares (SJS)

Power Play

SAN JOSE Sharks - 1 on 6 Attempt(s) - 16,67%
SEATTLE Kraken - 0 on 0 Attempt(s) - 0,00%

Penalty Kill

SAN JOSE Sharks - 0 on 0 Attempt(s) - 0,00% - Score 0 goal in Penalty Kill
SEATTLE Kraken - 5 on 6 Attempt(s) - 83,33% - Score 0 goal in Penalty Kill

Team Stat

SAN JOSE Sharks - Hits : 18 - Faceoff Wins : 41 - Blocked Shots : 10 - Penalty Minutes : 2
SEATTLE Kraken - Hits : 26 - Faceoff Wins : 39 - Blocked Shots : 7 - Penalty Minutes : 14

Official

Referees : Gord Dwyer and Justin St. Pierre
Linesman : Jonathan Deschamps and Jonny Murray

Game Notes

No Game Note

Finance

Level 1 -- Attendance: 4738 (78,97%) -- Ticket Income $473,800
Level 2 -- Attendance: 4121 (82,42%) -- Ticket Income $247,260
Level 3 -- Attendance: 1934 (96,70%) -- Ticket Income $67,690
Level 4 -- Attendance: 2903 (72,58%) -- Ticket Income $72,575
Luxury Box -- Attendance: 805 (80,50%) -- Ticket Income $161,000
Total Attendance: 14501 (80,56%)
Total Ticket Income: $1,022,325
Other Income: $255,581
Total Income: $1,277,906

SAN JOSE Sharks

5 vs 5 Forward 
   Center                   Left Wing                Right Wing               Time % Phy DF OF 
 1 John Tavares             Kyle Connor              Joe Pavelski             40     1   2  2  
 2 Sam Bennett              Andrew Mangiapane        Evander Kane             30     2   2  1  
 3 Brett Howden             Andrew Cogliano          Matt Nieto               20     1   2  2  
 4 Nick Cousins             Cal Clutterbuck          Austin Watson            10     1   3  1  

5 vs 5 Defense 
   Defense                  Defense                                           Time % Phy DF OF 
 1 Brayden McNabb           Cody Ceci                                         40     1   2  2  
 2 Jack Johnson             Connor Murphy                                     30     1   3  1  
 3 Troy Stecher             John Klingberg                                    20     1   2  2  
 4 Brayden McNabb           Cody Ceci                                         10     1   2  2  

PowerPlay Forward 
   Center                   Left Wing                Right Wing               Time % Phy DF OF 
 1 John Tavares             Kyle Connor              Joe Pavelski             60     1   1  3  
 2 Sam Bennett              Evander Kane             Andrew Mangiapane        40     1   2  2  

PowerPlay Defense
   Defense                  Defense                                           Time % Phy DF OF 
 1 Brayden McNabb           John Klingberg                                    60     1   2  2  
 2 Cody Ceci                Jack Johnson                                      40     1   2  2  

Penalty Kill 4 Players Forward 
   Center                   Wing                     Time % Phy DF OF 
 1 John Tavares             Kyle Connor              60     1   3  1  
 2 Sam Bennett              Matt Nieto               40     1   3  1  

Penalty Kill 4 Players Defense
   Defense                  Defense                  Time % Phy DF OF 
 1 Brayden McNabb           Cody Ceci                60     1   3  1  
 2 Connor Murphy            Jack Johnson             40     1   3  1  

Penalty Kill - 3 Players Forward 
   Forward                                           Time % Phy DF OF 
 1 John Tavares                                      60     1   2  2  
 2 Sam Bennett                                       40     1   2  2  

Penalty Kill - 3 Players Defense
   Defense                  Defense                  Time % Phy DF OF 
 1 Brayden McNabb           Cody Ceci                60     1   2  2  
 2 Connor Murphy            Jack Johnson             40     1   2  2  

4 vs 4 Forward 
   Center                   Wing                     Time % Phy DF OF 
 1 John Tavares             Kyle Connor              60     1   2  2  
 2 Sam Bennett              Matt Nieto               40     1   2  2  

4 vs 4 Defense
   Defense                  Defense                  Time % Phy DF OF 
 1 Brayden McNabb           John Klingberg           60     1   2  2  
 2 Connor Murphy            Jack Johnson             40     1   2  2  

Last Minutes Offensive
   Center                   Left Wing                Right Wing               Defense                  Defense                  
   John Tavares             Kyle Connor              Joe Pavelski             Brayden McNabb           John Klingberg           

Last Minutes Defensive
   Center                   Left Wing                Right Wing               Defense                  Defense                  
   John Tavares             Kyle Connor              Joe Pavelski             Brayden McNabb           Connor Murphy            

Goaltenders
Starting : Semyon Varlamov          
Backup : Darcy Kuemper            

Extra Forwards
Normal : Andrew Cogliano, Matt Nieto, Cal Clutterbuck - PP : Andrew Cogliano, Matt Nieto - PK : Cal Clutterbuck
Extra Defensemen
Normal : Jack Johnson, Troy Stecher, John Klingberg - PP : Connor Murphy - PK : Jack Johnson, Troy Stecher
Penalty Shots
Joe Pavelski, John Tavares, Kyle Connor, Andrew Mangiapane, Sam Bennett

Scratches
Oliver Kylington (Healthy), Matias Maccelli (Healthy)

SEATTLE Kraken

5 vs 5 Forward 
   Center                   Left Wing                Right Wing               Time % Phy DF OF 
 1 Luke Kunin               Brendan Lemieux          Jordan Greenway          40     1   2  2  
 2 Matty Beniers            Matt Martin              Liam O'Brien             30     1   2  2  
 3 Zack MacEwen             Ryan Kesler              Brendan Lemieux          20     1   2  2  
 4 Mathieu Olivier          Wayne Simmonds           Givani Smith             10     1   2  2  

5 vs 5 Defense 
   Defense                  Defense                                           Time % Phy DF OF 
 1 Radko Gudas              Jake Gardiner                                     40     1   2  2  
 2 Jakub Zboril             Arber Xhekaj                                      30     1   2  2  
 3 Jordan Gross             Joel Hanley                                       20     1   2  2  
 4 Radko Gudas              Jake Gardiner                                     10     1   2  2  

PowerPlay Forward 
   Center                   Left Wing                Right Wing               Time % Phy DF OF 
 1 Luke Kunin               Brendan Lemieux          Jordan Greenway          60     1   2  2  
 2 Matty Beniers            Matt Martin              Wayne Simmonds           40     1   2  2  

PowerPlay Defense
   Defense                  Defense                                           Time % Phy DF OF 
 1 Jordan Gross             Joel Hanley                                       60     1   2  2  
 2 Jakub Zboril             Jake Gardiner                                     40     1   2  2  

Penalty Kill 4 Players Forward 
   Center                   Wing                     Time % Phy DF OF 
 1 Brendan Lemieux          Luke Kunin               60     1   2  2  
 2 Jordan Greenway          Matt Martin              40     1   2  2  

Penalty Kill 4 Players Defense
   Defense                  Defense                  Time % Phy DF OF 
 1 Radko Gudas              Jordan Gross             60     1   2  2  
 2 Jakub Zboril             Joel Hanley              40     1   2  2  

Penalty Kill - 3 Players Forward 
   Forward                                           Time % Phy DF OF 
 1 Jordan Greenway                                   60     1   2  2  
 2 Luke Kunin                                        40     1   2  2  

Penalty Kill - 3 Players Defense
   Defense                  Defense                  Time % Phy DF OF 
 1 Jake Gardiner            Joel Hanley              60     1   2  2  
 2 Jakub Zboril             Jordan Gross             40     1   2  2  

4 vs 4 Forward 
   Center                   Wing                     Time % Phy DF OF 
 1 Luke Kunin               Jordan Greenway          60     1   2  2  
 2 Brendan Lemieux          Matt Martin              40     1   2  2  

4 vs 4 Defense
   Defense                  Defense                  Time % Phy DF OF 
 1 Joel Hanley              Radko Gudas              60     1   2  2  
 2 Jakub Zboril             Jordan Gross             40     1   2  2  

Last Minutes Offensive
   Center                   Left Wing                Right Wing               Defense                  Defense                  
   Luke Kunin               Brendan Lemieux          Jordan Greenway          Radko Gudas              Jake Gardiner            

Last Minutes Defensive
   Center                   Left Wing                Right Wing               Defense                  Defense                  
   Luke Kunin               Brendan Lemieux          Jordan Greenway          Radko Gudas              Jake Gardiner            

Goaltenders
Starting : Sergei Bobrovsky         
Backup : Laurent Brossoit         

Extra Forwards
Normal : Jordan Greenway, Brendan Lemieux, Luke Kunin - PP : Luke Kunin, Brendan Lemieux - PK : Luke Kunin
Extra Defensemen
Normal : Jordan Gross, Joel Hanley, Jakub Zboril - PP : Jakub Zboril - PK : Joel Hanley, Jakub Zboril
Penalty Shots
Brendan Lemieux, Luke Kunin, Jordan Greenway, Matt Martin, Wayne Simmonds

Scratches
Carey Price (Healthy)

% Time on Ice - SAN JOSE Sharks

Lines # - Real PCT - Wanted PCT - Time Play
Normal Forward
1 - 31% - 40% - 14:48
2 - 29% - 30% - 13:33
3 - 25% - 20% - 11:39
4 - 15% - 10% - 7:20
Normal Defense
1 - 37% - 40% - 17:31
2 - 33% - 30% - 15:31
3 - 28% - 20% - 13:20
4 - 2% - 10% - 0:58
PP Forward
1 - 57% - 60% - 6:06
2 - 43% - 40% - 4:35
PP Defense
1 - 52% - 60% - 5:35
2 - 48% - 40% - 5:06
PK Forward
1 - 0% - 60%
2 - 0% - 40%
PK Defense
1 - 0% - 60%
2 - 0% - 40%
PK3 Forward
1 - 0% - 60%
2 - 0% - 40%
PK3 Defense
1 - 0% - 60%
2 - 0% - 40%
44 Forward
1 - 99% - 60% - 2:46
2 - 1% - 40% - 0:02
44 Defense
1 - 32% - 60% - 0:53
2 - 68% - 40% - 1:55
Last Minute Offensive  - 0:00
Last Minute Defensive  - 0:00
Total
Forward - 60:49
Defense - 60:49

% Time on Ice - SEATTLE Kraken

Lines # - Real PCT - Wanted PCT - Time Play
Normal Forward
1 - 28% - 40% - 13:11
2 - 35% - 30% - 16:34
3 - 10% - 20% - 4:39
4 - 27% - 10% - 12:56
Normal Defense
1 - 38% - 40% - 18:11
2 - 35% - 30% - 16:31
3 - 24% - 20% - 11:26
4 - 3% - 10% - 1:12
PP Forward
1 - 0% - 60%
2 - 0% - 40%
PP Defense
1 - 0% - 60%
2 - 0% - 40%
PK Forward
1 - 72% - 60% - 7:42
2 - 28% - 40% - 2:59
PK Defense
1 - 53% - 60% - 5:38
2 - 47% - 40% - 5:03
PK3 Forward
1 - 100% - 60% - 0:49
2 - 0% - 40% - 0:00
PK3 Defense
1 - 63% - 60% - 0:31
2 - 37% - 40% - 0:18
44 Forward
1 - 69% - 60% - 1:22
2 - 31% - 40% - 0:37
44 Defense
1 - 48% - 60% - 0:57
2 - 52% - 40% - 1:02
Last Minute Offensive  - 0:00
Last Minute Defensive  - 0:00
Total
Forward - 60:49
Defense - 60:49

Play-by-Play

1st period


0:01 of 1st period - Luke Kunin wins face-off versus John Tavares in neutral zone.
0:10 of 1st period - Shot by Luke Kunin.
0:10 of 1st period - Shot Misses the Net.
1:10 of 1st period - Shot by Andrew Mangiapane.
1:10 of 1st period - Shot Misses the Net.
1:24 of 1st period - Brendan Lemieux is hit by Andrew Mangiapane and loses puck.
1:51 of 1st period - Jack Johnson is hit by Liam O'Brien and loses puck.
1:56 of 1st period - Shot by Matty Beniers.
1:56 of 1st period - Stopped by Semyon Varlamov without a rebound.
1:57 of 1st period - Brett Howden wins face-off versus Mathieu Olivier in SAN JOSE Sharks zone.
2:12 of 1st period - Shot by Brett Howden.
2:12 of 1st period - Shot Misses the Net.
3:50 of 1st period - Shot by Nick Cousins.
3:50 of 1st period - Shot Misses the Net.
3:52 of 1st period - Shot by Cal Clutterbuck.
3:52 of 1st period - Shot Misses the Net.
3:54 of 1st period - Shot by Nick Cousins.
3:54 of 1st period - Stopped by Sergei Bobrovsky without a rebound.
3:55 of 1st period - Andrew Mangiapane wins face-off versus Brendan Lemieux in SEATTLE Kraken zone.
3:59 of 1st period - Icing by Radko Gudas.
4:00 of 1st period - Zack MacEwen wins face-off versus Nick Cousins in SEATTLE Kraken zone.
4:51 of 1st period - John Klingberg is hit by Wayne Simmonds and loses puck.
5:19 of 1st period - Jordan Gross is hit by Cody Ceci and loses puck.
5:22 of 1st period - Shot by Givani Smith.
5:22 of 1st period - Deflect By Wayne Simmonds.
5:22 of 1st period - Stopped by Semyon Varlamov without a rebound.
5:23 of 1st period - Matty Beniers wins face-off versus Sam Bennett in SAN JOSE Sharks zone.
5:33 of 1st period - Shot by Evander Kane.
5:33 of 1st period - Stopped by Sergei Bobrovsky without a rebound.
5:34 of 1st period - Luke Kunin wins face-off versus John Tavares in SEATTLE Kraken zone.
5:36 of 1st period - Icing by Radko Gudas.
5:37 of 1st period - Luke Kunin wins face-off versus John Tavares in SEATTLE Kraken zone.
6:04 of 1st period - Shot by Jordan Greenway.
6:04 of 1st period - Stopped by Semyon Varlamov without a rebound.
6:05 of 1st period - Sam Bennett wins face-off versus Matty Beniers in SAN JOSE Sharks zone.
6:41 of 1st period - Shot by Evander Kane.
6:41 of 1st period - Shot Blocked by Jakub Zboril.
7:58 of 1st period - Kyle Connor is hit by Joel Hanley and loses puck.
8:46 of 1st period - Connor Murphy is hit by Arber Xhekaj and loses puck.
9:16 of 1st period - Cal Clutterbuck is hit by Radko Gudas and loses puck.
11:11 of 1st period - Off-side.
11:12 of 1st period - Sam Bennett wins face-off versus Matty Beniers in neutral zone.
11:29 of 1st period - Icing by Andrew Mangiapane.
11:30 of 1st period - Zack MacEwen wins face-off versus Sam Bennett in SAN JOSE Sharks zone.
11:33 of 1st period - Shot by Ryan Kesler.
11:33 of 1st period - Stopped by Semyon Varlamov without a rebound.
11:34 of 1st period - Mathieu Olivier wins face-off versus Brett Howden in SAN JOSE Sharks zone.
11:43 of 1st period - Shot by Matt Nieto.
11:43 of 1st period - Shot Blocked by Joel Hanley.
12:30 of 1st period - Andrew Cogliano is hit by Radko Gudas and loses puck.
12:53 of 1st period - Shot by Joe Pavelski.
12:53 of 1st period - Shot Misses the Net.
13:26 of 1st period - Shot by Matty Beniers.
13:26 of 1st period - Shot Blocked by Troy Stecher.
13:56 of 1st period - Shot by Liam O'Brien.
13:56 of 1st period - Stopped by Semyon Varlamov without a rebound.
13:57 of 1st period - Mathieu Olivier wins face-off versus Sam Bennett in SAN JOSE Sharks zone.
14:18 of 1st period - Shot by Jordan Gross.
14:18 of 1st period - Goal by Jordan Gross - SAN JOSE Sharks : 0 - SEATTLE Kraken : 1.
14:19 of 1st period - Zack MacEwen wins face-off versus Brett Howden in neutral zone.
14:25 of 1st period - Icing by Radko Gudas.
14:26 of 1st period - Zack MacEwen wins face-off versus Sam Bennett in SEATTLE Kraken zone.
14:47 of 1st period - Shot by Zack MacEwen.
14:47 of 1st period - Shot Blocked by Cody Ceci.
14:49 of 1st period - Shot by Radko Gudas.
14:49 of 1st period - Stopped by Semyon Varlamov without a rebound.
14:50 of 1st period - Brett Howden wins face-off versus Matty Beniers in SAN JOSE Sharks zone.
15:26 of 1st period - Matty Beniers is hit by Connor Murphy and loses puck.
15:31 of 1st period - Shot by Matt Martin.
15:31 of 1st period - Shot Blocked by Connor Murphy.
15:59 of 1st period - Shot by Jordan Greenway.
15:59 of 1st period - Stopped by Semyon Varlamov without a rebound.
16:00 of 1st period - Mathieu Olivier wins face-off versus John Tavares in SAN JOSE Sharks zone.
16:07 of 1st period - Shot by Wayne Simmonds.
16:07 of 1st period - Goal by Wayne Simmonds - SAN JOSE Sharks : 0 - SEATTLE Kraken : 2.
16:08 of 1st period - Luke Kunin wins face-off versus Evander Kane in neutral zone.
16:10 of 1st period - Radko Gudas is hit by Brayden McNabb and loses puck.
16:28 of 1st period - Minor Penalty to Brendan Lemieux for Diving.
16:29 of 1st period - Ryan Kesler wins face-off versus John Tavares in SEATTLE Kraken zone.
16:54 of 1st period - Shot by Kyle Connor.
16:54 of 1st period - Stopped by Sergei Bobrovsky without a rebound.
16:55 of 1st period - Ryan Kesler wins face-off versus Sam Bennett in SEATTLE Kraken zone.
17:01 of 1st period - Icing by Sam Bennett.
17:02 of 1st period - Ryan Kesler wins face-off versus Sam Bennett in SAN JOSE Sharks zone.
17:31 of 1st period - Shot by Andrew Mangiapane.
17:31 of 1st period - Stopped by Sergei Bobrovsky with a rebound.
17:33 of 1st period - Shot by Evander Kane.
17:33 of 1st period - Shot Blocked by Joel Hanley.
18:04 of 1st period - Shot by Joe Pavelski.
18:04 of 1st period - Shot Misses the Net.
18:17 of 1st period - Icing by Brayden McNabb.
18:18 of 1st period - Jordan Greenway wins face-off versus John Tavares in SAN JOSE Sharks zone.
18:27 of 1st period - Shot by John Klingberg.
18:27 of 1st period - Shot Misses the Net.
18:37 of 1st period - Wayne Simmonds is hit by Brett Howden.
18:38 of 1st period - Minor Penalty to Wayne Simmonds for High sticking.
18:39 of 1st period - Jordan Greenway wins face-off versus Sam Bennett in SEATTLE Kraken zone.
18:47 of 1st period - Icing by John Klingberg.
18:48 of 1st period - Jordan Greenway wins face-off versus Sam Bennett in SAN JOSE Sharks zone.
19:18 of 1st period - Sam Bennett is hit by Brendan Lemieux and loses puck.
19:49 of 1st period - Shot by John Tavares.
19:49 of 1st period - Shot Misses the Net.
19:51 of 1st period - Shot by Joe Pavelski.
19:51 of 1st period - Stopped by Sergei Bobrovsky without a rebound.
19:52 of 1st period - John Tavares wins face-off versus Brendan Lemieux in SEATTLE Kraken zone.
19:55 of 1st period - Shot by Cody Ceci.
19:55 of 1st period - Stopped by Sergei Bobrovsky without a rebound.
19:56 of 1st period - John Tavares wins face-off versus Brendan Lemieux in SEATTLE Kraken zone.
Goals for this period are 0 for SAN JOSE Sharks vs 2 for SEATTLE Kraken.
Shots for this period are 6 for SAN JOSE Sharks vs 9 for SEATTLE Kraken.

2nd period


0:01 of 2nd period - Brendan Lemieux wins face-off versus John Tavares in neutral zone.
0:25 of 2nd period - Shot by Brayden McNabb.
0:25 of 2nd period - Shot Blocked by Jordan Gross.
0:27 of 2nd period - Shot by Kyle Connor.
0:27 of 2nd period - Stopped by Sergei Bobrovsky without a rebound.
0:28 of 2nd period - Evander Kane wins face-off versus Brendan Lemieux in SEATTLE Kraken zone.
0:28 of 2nd period - Evander Kane is hit by Joel Hanley.
0:48 of 2nd period - Shot by Jack Johnson.
0:48 of 2nd period - Stopped by Sergei Bobrovsky without a rebound.
0:49 of 2nd period - John Tavares wins face-off versus Mathieu Olivier in SEATTLE Kraken zone.
0:49 of 2nd period - John Tavares is hit by Arber Xhekaj.
1:09 of 2nd period - Shot by John Tavares.
1:09 of 2nd period - Stopped by Sergei Bobrovsky without a rebound.
1:10 of 2nd period - Luke Kunin wins face-off versus Sam Bennett in SEATTLE Kraken zone.
1:33 of 2nd period - Shot by Jordan Greenway.
1:33 of 2nd period - Shot Misses the Net.
1:39 of 2nd period - Shot by Jordan Greenway.
1:39 of 2nd period - Shot Misses the Net.
1:46 of 2nd period - Luke Kunin is hit by Connor Murphy and loses puck.
2:06 of 2nd period - Icing by Sam Bennett.
2:07 of 2nd period - Matty Beniers wins face-off versus Sam Bennett in SAN JOSE Sharks zone.
2:40 of 2nd period - Minor Penalty to Matt Martin for Delaying the game.
2:41 of 2nd period - John Tavares wins face-off versus Brendan Lemieux in SEATTLE Kraken zone.
3:22 of 2nd period - John Klingberg is hit by Brendan Lemieux and loses puck.
3:53 of 2nd period - Shot by Radko Gudas.
3:53 of 2nd period - Stopped by Semyon Varlamov without a rebound.
3:54 of 2nd period - John Tavares wins face-off versus Jordan Greenway in SAN JOSE Sharks zone.
3:54 of 2nd period - John Tavares is hit by Liam O'Brien.
5:07 of 2nd period - Shot by Wayne Simmonds.
5:07 of 2nd period - Stopped by Semyon Varlamov without a rebound.
5:08 of 2nd period - Nick Cousins wins face-off versus Zack MacEwen in SAN JOSE Sharks zone.
5:08 of 2nd period - Nick Cousins is hit by Zack MacEwen.
6:04 of 2nd period - Shot by Liam O'Brien.
6:04 of 2nd period - Deflect By Matty Beniers.
6:04 of 2nd period - Shot Blocked by Cody Ceci.
6:41 of 2nd period - John Tavares is hit by Jakub Zboril and loses puck.
7:08 of 2nd period - Jake Gardiner is hit by John Tavares and loses puck.
7:36 of 2nd period - Icing by Andrew Mangiapane.
7:37 of 2nd period - Sam Bennett wins face-off versus Matty Beniers in SAN JOSE Sharks zone.
7:37 of 2nd period - Sam Bennett is hit by Liam O'Brien.
7:55 of 2nd period - Shot by Matty Beniers.
7:55 of 2nd period - Stopped by Semyon Varlamov with a rebound.
7:57 of 2nd period - Shot by Jordan Gross.
7:57 of 2nd period - Shot Misses the Net.
7:59 of 2nd period - Shot by Liam O'Brien.
7:59 of 2nd period - Shot Misses the Net.
8:01 of 2nd period - Shot by Matt Martin.
8:01 of 2nd period - Shot Misses the Net.
8:07 of 2nd period - Shot by Matt Martin.
8:07 of 2nd period - Shot Blocked by Troy Stecher.
8:09 of 2nd period - Shot by Matt Martin.
8:09 of 2nd period - Shot Misses the Net.
8:21 of 2nd period - Shot by Sam Bennett.
8:21 of 2nd period - Shot Blocked by Jordan Gross.
8:48 of 2nd period - Andrew Cogliano is hit by Joel Hanley and loses puck.
9:43 of 2nd period - Shot by Kyle Connor.
9:43 of 2nd period - Stopped by Sergei Bobrovsky without a rebound.
9:44 of 2nd period - Kyle Connor wins face-off versus Luke Kunin in SEATTLE Kraken zone.
9:53 of 2nd period - Brayden McNabb is hit by Brendan Lemieux and loses puck.
10:07 of 2nd period - Off-side.
10:08 of 2nd period - Evander Kane wins face-off versus Zack MacEwen in neutral zone.
11:01 of 2nd period - Brendan Lemieux is hit by John Tavares and loses puck.
12:20 of 2nd period - Andrew Cogliano is hit by Arber Xhekaj and loses puck.
12:53 of 2nd period - Shot by Austin Watson.
12:53 of 2nd period - Stopped by Sergei Bobrovsky with a rebound.
12:55 of 2nd period - Shot by Nick Cousins.
12:55 of 2nd period - Shot Misses the Net.
12:59 of 2nd period - Shot by John Klingberg.
12:59 of 2nd period - Stopped by Sergei Bobrovsky without a rebound.
13:00 of 2nd period - Andrew Mangiapane wins face-off versus Givani Smith in SEATTLE Kraken zone.
13:40 of 2nd period - Arber Xhekaj is hit by Evander Kane and loses puck.
13:44 of 2nd period - Minor Penalty to Arber Xhekaj for Interference.
13:44 of 2nd period - Minor Penalty to Evander Kane for Hooking.
13:45 of 2nd period - John Tavares wins face-off versus Luke Kunin in SEATTLE Kraken zone.
14:09 of 2nd period - Shot by John Tavares.
14:09 of 2nd period - Goal by John Tavares - SAN JOSE Sharks : 1 - SEATTLE Kraken : 2.
14:10 of 2nd period - Luke Kunin wins face-off versus John Tavares in neutral zone.
14:17 of 2nd period - Shot by Luke Kunin.
14:17 of 2nd period - Stopped by Semyon Varlamov without a rebound.
14:18 of 2nd period - John Tavares wins face-off versus Luke Kunin in SAN JOSE Sharks zone.
14:18 of 2nd period - John Tavares is hit by Jordan Greenway.
14:58 of 2nd period - Brendan Lemieux is hit by John Tavares and loses puck.
15:11 of 2nd period - Shot by Brendan Lemieux.
15:11 of 2nd period - Shot Blocked by Connor Murphy.
15:35 of 2nd period - Shot by Radko Gudas.
15:35 of 2nd period - Shot Misses the Net.
15:37 of 2nd period - Shot by Luke Kunin.
15:37 of 2nd period - Shot Blocked by Connor Murphy.
15:39 of 2nd period - Shot by Luke Kunin.
15:39 of 2nd period - Shot Misses the Net.
15:41 of 2nd period - Shot by Radko Gudas.
15:41 of 2nd period - Stopped by Semyon Varlamov without a rebound.
15:42 of 2nd period - Sam Bennett wins face-off versus Luke Kunin in SAN JOSE Sharks zone.
16:09 of 2nd period - Sam Bennett is hit by Arber Xhekaj and loses puck.
16:19 of 2nd period - Givani Smith is hit by Sam Bennett and loses puck.
17:01 of 2nd period - Shot by Liam O'Brien.
17:01 of 2nd period - Deflect By Matty Beniers.
17:01 of 2nd period - Shot Misses the Net.
17:11 of 2nd period - Shot by Brett Howden.
17:11 of 2nd period - Stopped by Sergei Bobrovsky without a rebound.
17:12 of 2nd period - Nick Cousins wins face-off versus Luke Kunin in SEATTLE Kraken zone.
18:41 of 2nd period - Shot by Andrew Mangiapane.
18:41 of 2nd period - Stopped by Sergei Bobrovsky without a rebound.
18:42 of 2nd period - Mathieu Olivier wins face-off versus Kyle Connor in SEATTLE Kraken zone.
18:49 of 2nd period - Joe Pavelski is hit by Wayne Simmonds and loses puck.
18:58 of 2nd period - Shot by Mathieu Olivier.
18:58 of 2nd period - Shot Blocked by John Klingberg.
19:00 of 2nd period - Shot by Mathieu Olivier.
19:00 of 2nd period - Stopped by Semyon Varlamov without a rebound.
19:01 of 2nd period - Zack MacEwen wins face-off versus Brett Howden in SAN JOSE Sharks zone.
19:10 of 2nd period - Shot by Jakub Zboril.
19:10 of 2nd period - Shot Misses the Net.
19:12 of 2nd period - Shot by Jakub Zboril.
19:12 of 2nd period - Stopped by Semyon Varlamov without a rebound.
19:13 of 2nd period - Matty Beniers wins face-off versus John Tavares in SAN JOSE Sharks zone.
19:14 of 2nd period - Shot by Jake Gardiner.
19:14 of 2nd period - Shot Misses the Net.
19:16 of 2nd period - Shot by Liam O'Brien.
19:16 of 2nd period - Shot Misses the Net.
19:18 of 2nd period - Shot by Matty Beniers.
19:18 of 2nd period - Shot Misses the Net.
Goals for this period are 1 for SAN JOSE Sharks vs 0 for SEATTLE Kraken.
Shots for this period are 9 for SAN JOSE Sharks vs 7 for SEATTLE Kraken.

3rd period


0:01 of 3rd period - Luke Kunin wins face-off versus John Tavares in neutral zone.
0:08 of 3rd period - Shot by Brendan Lemieux.
0:08 of 3rd period - Stopped by Semyon Varlamov without a rebound.
0:09 of 3rd period - John Tavares wins face-off versus Luke Kunin in SAN JOSE Sharks zone.
0:50 of 3rd period - Shot by Joe Pavelski.
0:50 of 3rd period - Deflect By Kyle Connor.
0:50 of 3rd period - Stopped by Sergei Bobrovsky without a rebound.
0:51 of 3rd period - Matty Beniers wins face-off versus Sam Bennett in SEATTLE Kraken zone.
1:22 of 3rd period - Shot by Matty Beniers.
1:22 of 3rd period - Stopped by Semyon Varlamov without a rebound.
1:23 of 3rd period - Brett Howden wins face-off versus Mathieu Olivier in SAN JOSE Sharks zone.
1:42 of 3rd period - Shot by Jordan Gross.
1:42 of 3rd period - Stopped by Semyon Varlamov without a rebound.
1:43 of 3rd period - John Tavares wins face-off versus Luke Kunin in SAN JOSE Sharks zone.
1:52 of 3rd period - Radko Gudas is hit by Joe Pavelski and loses puck.
2:33 of 3rd period - Icing by Luke Kunin.
2:34 of 3rd period - Luke Kunin wins face-off versus Sam Bennett in SEATTLE Kraken zone.
2:52 of 3rd period - Matty Beniers is hit by Connor Murphy and loses puck.
3:22 of 3rd period - Sam Bennett is hit by Liam O'Brien.
3:41 of 3rd period - Icing by Andrew Mangiapane.
3:42 of 3rd period - Mathieu Olivier wins face-off versus Sam Bennett in SAN JOSE Sharks zone.
4:49 of 3rd period - Shot by Brendan Lemieux.
4:49 of 3rd period - Stopped by Semyon Varlamov without a rebound.
4:50 of 3rd period - Zack MacEwen wins face-off versus Brett Howden in SAN JOSE Sharks zone.
4:55 of 3rd period - Shot by Brendan Lemieux.
4:55 of 3rd period - Stopped by Semyon Varlamov without a rebound.
4:56 of 3rd period - Brett Howden wins face-off versus Matt Martin in SAN JOSE Sharks zone.
4:56 of 3rd period - Brett Howden is hit by Matt Martin.
4:59 of 3rd period - Andrew Cogliano is hit by Matty Beniers.
5:03 of 3rd period - Shot by Matt Nieto.
5:03 of 3rd period - Stopped by Sergei Bobrovsky with a rebound.
5:05 of 3rd period - Shot by Matt Nieto.
5:05 of 3rd period - Shot Misses the Net.
5:07 of 3rd period - Shot by John Klingberg.
5:07 of 3rd period - Shot Misses the Net.
5:56 of 3rd period - Shot by Brendan Lemieux.
5:56 of 3rd period - Shot Misses the Net.
6:54 of 3rd period - Shot by Wayne Simmonds.
6:54 of 3rd period - Shot Misses the Net.
8:03 of 3rd period - Arber Xhekaj is hit by Connor Murphy and loses puck.
8:12 of 3rd period - Shot by Liam O'Brien.
8:12 of 3rd period - Shot Misses the Net.
8:14 of 3rd period - Shot by Liam O'Brien.
8:14 of 3rd period - Stopped by Semyon Varlamov without a rebound.
8:15 of 3rd period - Nick Cousins wins face-off versus Luke Kunin in SAN JOSE Sharks zone.
8:40 of 3rd period - Shot by Luke Kunin.
8:40 of 3rd period - Stopped by Semyon Varlamov without a rebound.
8:41 of 3rd period - Matty Beniers wins face-off versus Sam Bennett in SAN JOSE Sharks zone.
8:56 of 3rd period - Shot by Matt Martin.
8:56 of 3rd period - Shot Misses the Net.
9:13 of 3rd period - Icing by Cody Ceci.
9:14 of 3rd period - Sam Bennett wins face-off versus Luke Kunin in SAN JOSE Sharks zone.
9:16 of 3rd period - Minor Penalty to Brendan Lemieux for Holding.
9:17 of 3rd period - Joe Pavelski wins face-off versus Ryan Kesler in SEATTLE Kraken zone.
10:11 of 3rd period - Icing by Evander Kane.
10:12 of 3rd period - Sam Bennett wins face-off versus Ryan Kesler in SAN JOSE Sharks zone.
10:51 of 3rd period - Shot by Andrew Mangiapane.
10:51 of 3rd period - Goal by Andrew Mangiapane - SAN JOSE Sharks : 2 - SEATTLE Kraken : 2.
10:52 of 3rd period - John Tavares wins face-off versus Mathieu Olivier in neutral zone.
11:07 of 3rd period - Off-side.
11:08 of 3rd period - Luke Kunin wins face-off versus Brett Howden in neutral zone.
11:10 of 3rd period - Minor Penalty to Jordan Greenway for Holding.
11:11 of 3rd period - Brendan Lemieux wins face-off versus John Tavares in SEATTLE Kraken zone.
11:40 of 3rd period - Shot by Kyle Connor.
11:40 of 3rd period - Shot Blocked by Jakub Zboril.
11:42 of 3rd period - Shot by Kyle Connor.
11:42 of 3rd period - Stopped by Sergei Bobrovsky without a rebound.
11:43 of 3rd period - Brendan Lemieux wins face-off versus Sam Bennett in SEATTLE Kraken zone.
11:53 of 3rd period - John Klingberg is hit by Matt Martin and loses puck.
12:01 of 3rd period - Off-side.
12:02 of 3rd period - John Tavares wins face-off versus Brendan Lemieux in neutral zone.
13:23 of 3rd period - Shot by Andrew Cogliano.
13:23 of 3rd period - Shot Misses the Net.
13:34 of 3rd period - Off-side.
13:35 of 3rd period - Nick Cousins wins face-off versus Matty Beniers in neutral zone.
14:00 of 3rd period - Matty Beniers is hit by Austin Watson and loses puck.
14:48 of 3rd period - Shot by Luke Kunin.
14:48 of 3rd period - Shot Misses the Net.
14:56 of 3rd period - Shot by Joe Pavelski.
14:56 of 3rd period - Shot Misses the Net.
15:06 of 3rd period - John Tavares is hit by Brendan Lemieux and loses puck.
15:44 of 3rd period - Off-side.
15:45 of 3rd period - Brett Howden wins face-off versus Mathieu Olivier in neutral zone.
16:10 of 3rd period - Wayne Simmonds is hit by Brayden McNabb and loses puck.
16:16 of 3rd period - Givani Smith is hit by Brayden McNabb and loses puck.
16:25 of 3rd period - Shot by Givani Smith.
16:25 of 3rd period - Shot Hit the Post.
16:32 of 3rd period - Icing by Brayden McNabb.
16:33 of 3rd period - Brett Howden wins face-off versus Matty Beniers in SAN JOSE Sharks zone.
16:50 of 3rd period - Shot by Matty Beniers.
16:50 of 3rd period - Shot Misses the Net.
16:52 of 3rd period - Shot by Matt Martin.
16:52 of 3rd period - Shot Blocked by Brayden McNabb.
16:54 of 3rd period - Shot by Liam O'Brien.
16:54 of 3rd period - Stopped by Semyon Varlamov without a rebound.
16:55 of 3rd period - Luke Kunin wins face-off versus John Tavares in SAN JOSE Sharks zone.
18:49 of 3rd period - Minor Penalty to Givani Smith for Hooking.
18:50 of 3rd period - John Tavares wins face-off versus Brendan Lemieux in SEATTLE Kraken zone.
19:50 of 3rd period - Icing by Jack Johnson.
19:51 of 3rd period - Sam Bennett wins face-off versus Brendan Lemieux in SAN JOSE Sharks zone.
19:56 of 3rd period - Luke Kunin is hit by Sam Bennett and loses puck.
Goals for this period are 1 for SAN JOSE Sharks vs 0 for SEATTLE Kraken.
Shots for this period are 4 for SAN JOSE Sharks vs 8 for SEATTLE Kraken.

Overtime #1


0:01 of 1st overtime period - Jordan Greenway wins face-off versus John Tavares in neutral zone.
0:16 of 1st overtime period - Shot by John Tavares.
0:16 of 1st overtime period - Stopped by Sergei Bobrovsky without a rebound.
0:17 of 1st overtime period - John Tavares wins face-off versus Jordan Greenway in SEATTLE Kraken zone.
0:22 of 1st overtime period - Shot by John Tavares.
0:22 of 1st overtime period - Stopped by Sergei Bobrovsky without a rebound.
0:23 of 1st overtime period - John Tavares wins face-off versus Jordan Greenway in SEATTLE Kraken zone.
0:38 of 1st overtime period - Shot by Kyle Connor.
0:38 of 1st overtime period - Shot Misses the Net.
1:13 of 1st overtime period - Icing by Nick Cousins.
1:14 of 1st overtime period - Ryan Kesler wins face-off versus Nick Cousins in SAN JOSE Sharks zone.
1:15 of 1st overtime period - Shot by Liam O'Brien.
1:15 of 1st overtime period - Stopped by Semyon Varlamov without a rebound.
1:16 of 1st overtime period - Nick Cousins wins face-off versus Ryan Kesler in SAN JOSE Sharks zone.
1:18 of 1st overtime period - Icing by Cody Ceci.
1:19 of 1st overtime period - Nick Cousins wins face-off versus Ryan Kesler in SAN JOSE Sharks zone.
1:19 of 1st overtime period - Nick Cousins is hit by Liam O'Brien.
2:21 of 1st overtime period - Shot by Ryan Kesler.
2:21 of 1st overtime period - Stopped by Semyon Varlamov without a rebound.
2:22 of 1st overtime period - Wayne Simmonds wins face-off versus Sam Bennett in SAN JOSE Sharks zone.
2:37 of 1st overtime period - Shot by John Hayden.
2:37 of 1st overtime period - Shot Blocked by Connor Murphy.
3:34 of 1st overtime period - Icing by Liam O'Brien.
3:35 of 1st overtime period - Sam Bennett wins face-off versus Ryan Kesler in SEATTLE Kraken zone.
3:40 of 1st overtime period - Shot by Matt Nieto.
3:40 of 1st overtime period - Shot Misses the Net.
4:02 of 1st overtime period - Shot by Sam Bennett.
4:02 of 1st overtime period - Shot Blocked by Jakub Zboril.
4:24 of 1st overtime period - Shot by Nick Cousins.
4:24 of 1st overtime period - Deflect By Austin Watson.
4:24 of 1st overtime period - Stopped by Sergei Bobrovsky without a rebound.
4:25 of 1st overtime period - Wayne Simmonds wins face-off versus Sam Bennett in SEATTLE Kraken zone.
4:36 of 1st overtime period - Shot by John Hayden.
4:36 of 1st overtime period - Stopped by Semyon Varlamov without a rebound.
4:37 of 1st overtime period - Nick Cousins wins face-off versus Wayne Simmonds in SAN JOSE Sharks zone.
Goals for this period are 0 for SAN JOSE Sharks vs 0 for SEATTLE Kraken.
Shots for this period are 3 for SAN JOSE Sharks vs 3 for SEATTLE Kraken.

ShootOut


5:00 of 1st overtime period - Round #1.
5:00 of 1st overtime period - SAN JOSE Sharks, Joe Pavelski.
5:00 of 1st overtime period - Goal by Joe Pavelski.
5:00 of 1st overtime period - SEATTLE Kraken, Brendan Lemieux.
5:00 of 1st overtime period - Goal by Brendan Lemieux.
5:00 of 1st overtime period - Round #2.
5:00 of 1st overtime period - SAN JOSE Sharks, John Tavares.
5:00 of 1st overtime period - Goal by John Tavares.
5:00 of 1st overtime period - SEATTLE Kraken, Luke Kunin.
5:00 of 1st overtime period - Stopped by Semyon Varlamov.
5:00 of 1st overtime period - Round #3.
5:00 of 1st overtime period - SAN JOSE Sharks, Kyle Connor.
5:00 of 1st overtime period - Goal by Kyle Connor. Output by the SimonT Hockey Simulator (STHS) for Martin Benoit - Original Page W3C HTML5 Valid
Hockey Simulator - Hockey Simulation - Hockey Manager